 Dungeon Crawl Stone Soup version 0.30-a0-23-ge60ba3568b (webtiles) character file.

Game seed: 11217132453798117096

424 AttackTheMoon the Trooper (level 6, -2/49 HPs)
             Began as a Demonspawn Fighter on Aug 25, 2022.
             Slain by an iguana (5 damage)
             ... on level 4 of the Dungeon.
             The game lasted 00:07:08 (4334 turns).

AttackTheMoon the Trooper (Demonspawn Fighter)      Turns: 4334, Time: 00:07:09

Health: -2/49      AC: 13    Str: 19    XL:     6   Next: 64%
Magic:  6/6        EV:  9    Int:  9    God:
Gold:   306        SH:  5    Dex: 12    Spells: 5/5 levels left

rFire   + . .      SeeInvis .    a - +0 long sword
rCold   x . .      Faith    +    c - +0 buckler
rNeg    . . .      Spirit   .    b - +0 scale mail
rPois   .          Reflect  .    m - +2 helmet
rElec   .          Harm     .    (no cloak)
rCorr   +          Rampage  .    (no gloves)
Will    .....      Clarity  +    l - +2 pair of boots
Stlth   ..........               q - amulet of faith
HPRegen 0.16/turn                n - ring of fire
MPRegen 0.10/turn                p - ring of resist corrosion

@: no status effects
A: hooves 1, powered by death 2, clarity, mutation resistance 1, MP-powered
wands
a: no special abilities


You were on level 4 of the Dungeon.
You visited 1 branch of the dungeon, and saw 5 of its levels.

You collected 306 gold pieces.

Inventory:

Hand Weapons
 a - a +0 long sword (weapon)
Armour
 b - a +0 scale mail (worn)
 c - a +0 buckler (worn)
 l - a +2 pair of boots (worn)
 m - a +2 helmet (worn)
Jewellery
 n - a ring of fire (left hand)
 p - a ring of resist corrosion (right hand)
 q - an amulet of faith (around neck)
Wands
 g - a wand of roots (4) (quivered)
Scrolls
 d - 2 scrolls of identify
 k - 3 scrolls of magic mapping
Potions
 e - 2 potions of haste {unknown}
 f - 3 potions of curing
 h - a potion of flight {unknown}
 i - a potion of brilliance {unknown}
 j - a potion of attraction
 o - a potion of invisibility {unknown}


   Skills:
 + Level 4.5 Fighting
 + Level 3.5 Long Blades
 + Level 4.1 Armour
 + Level 4.1 Shields


You had 5 spell levels left.
You didn't know any spells.
Your spell library was empty.

Dungeon Overview and Level Annotations

Branches:
Dungeon (5/15)
 Temple: D:4-7

Altars:
Dithmenos
Fedhas
Makhleb
Vehumet


Innate Abilities, Weirdness & Mutations

You have large cloven feet.
You regenerate health from kills.
You possess an exceptional clarity of mind.
You are somewhat resistant to further mutation.
You expend magic power (3 MP) to strengthen your wands.


Message History

You are too injured to fight recklessly!
You are too injured to fight recklessly!
You are too injured to fight recklessly!
You are too injured to fight recklessly!
You are too injured to fight recklessly!
You are too injured to fight recklessly!
You are too injured to fight recklessly!
You are too injured to fight recklessly!
You are too injured to fight recklessly!
You are too injured to fight recklessly!
You are too injured to fight recklessly!
You are too injured to fight recklessly!
You are too injured to fight recklessly!
You are too injured to fight recklessly!
You are too injured to fight recklessly!
You are too injured to fight recklessly!
You are too injured to fight recklessly!
You are too injured to fight recklessly!
You hit the iguana.
The iguana is moderately wounded.
The iguana closely misses you. x2
You closely miss the iguana.
The iguana is moderately wounded.
The iguana bites you.
You hit the iguana.
The iguana is moderately wounded.
The iguana bites you!
* * * LOW HITPOINT WARNING * * *
You hit the iguana but do no damage.
The iguana is moderately wounded.
The iguana closely misses you.
You hit the iguana.
The iguana is heavily wounded.
The iguana bites you!
* * * LOW HITPOINT WARNING * * *
The iguana barely misses you.
You barely miss the iguana.
The iguana is heavily wounded.
The iguana bites you.
You die...

#............# #.##.#
#..###...###.# #.##.# #..#
##.## #.# #.##.### #..#
#.# #.# #.##.... #..# #.#
#.# #.###### #..# #.# #.#
#.# #..# #.# #.# #.#
#..####.####.#### #.#
#####........@[.###2###.##
#...........l)#######.#..#
#.####.####.#.###.._.###.#
#.# #.# #.#.#..........#
#.# #.# #.#....+...'...#
#.####.# #.#.#..#...#..##
#.##...# #....###._.####
#.##.### #...## #####
#.##.######...#####A#


You could see an iguana.

Vanquished Creatures
  A scorpion (D:4)
  2 orc priests
  An iguana (D:4)
  2 orc wizards (D:4)
  4 gnolls
  9 adders
  22 orcs
  10 ball pythons
  5 bats
  6 endoplasms
  7 giant cockroaches
  5 goblins
  7 hobgoblins
  3 jackals (D:3)
  4 quokkas
  2 frilled lizards
  5 kobolds
  4 rats
99 creatures vanquished.

Notes
Turn   | Place    | Note
-------+----------+-------------------------------------------
     0 | D:1      | AttackTheMoon the Demonspawn Fighter began the quest for
                  | the Orb.
     0 | D:1      | Reached XP level 1. HP: 18/18 MP: 1/1
   341 | D:1      | Gained mutation: You regenerate a little health from kills.
                  | [demonic ancestry]
   341 | D:1      | Reached XP level 2. HP: 22/24 MP: 2/2
   465 | D:1      | Found a faded altar of an unknown god.
   465 | D:1      | Noticed a Brimstone Fiend
   926 | D:2      | Reached XP level 3. HP: 25/29 MP: 3/3
  1831 | D:3      | Gained mutation: You regenerate health from kills. [demonic
                  | ancestry]
  1831 | D:3      | Reached XP level 4. HP: 35/35 MP: 4/4
  1927 | D:3      | Gained mutation: You possess an exceptional clarity of
                  | mind. [potion of mutation]
  1927 | D:3      | Gained mutation: You are somewhat resistant to further
                  | mutation. [potion of mutation]
  1927 | D:3      | Gained mutation: You expend magic power (3 MP) to
                  | strengthen your wands. [potion of mutation]
  2237 | D:3      | Reached XP level 5. HP: 42/42 MP: 5/5
  2443 | D:3      | Found a shadowy altar of Dithmenos.
  3151 | D:4      | Gained mutation: You have large cloven feet. [demonic
                  | ancestry]
  3151 | D:4      | Reached XP level 6. HP: 37/48 MP: 6/6
  3304 | D:4      | Found a radiant altar of Vehumet.
  3381 | D:4      | Found a blossoming altar of Fedhas.
  3463 | D:4      | Found a burning altar of Makhleb.
  3463 | D:4      | Noticed a green death
  3470 | D:4      | Noticed an angel
  3923 | D:5      | Entered Level 5 of the Dungeon
  3975 | D:5      | Noticed an ice beast
  4333 | D:4      | HP: 2/49 [iguana (11)]
  4334 | D:4      | Slain by an iguana

Illustrated notes

Levels and vault maps discovered:
D:1:      amcnicky_arrival_gap_in_the_tavern_cellar, layout_loops_cross,
          dreamdust_ecumenical_altar_sealed_demon
D:2:      layout_basic, minivault_26, kennysheep_minor_cross
D:3:      minmay_bubble_buster, layout_rooms,
          nicolae_dithmenos_through_a_glass_darkly, grunt_ministairs_14,
          st_stairs_10, dreamdust_princess_bridge, minmay_ruptured
D:4:      minmay_angry_zag, layout_loops_ring,
          grunt_temple_overflow_order_and_chaos_2, nicolae_vehumet_altar_sigil,
          mainiacjoe_overflow_small_starburst
D:5:      layout_rooms, nemelex_xobeh_ov_fountains_minmay,
          gammafunk_ghost_necromancy

Skill      XL: |  1  2  3  4  5  6 |
---------------+-------------------+-----
Long Blades    | 2 3 |  3.5
Armour         | 3 4 |  4.1
Shields        | 3 4 |  4.1
Fighting       | 4 |  4.5

Action                   |  1- 3 |  4- 6 || total
-------------------------+-------+-------++-------
Melee: Long sword        |   145 |   288 ||   433
       Kick              |       |    10 ||    10
Evoke: Wand              |       |     4 ||     4
  Use: Scroll            |     5 |     2 ||     7
       Potion            |     3 |     3 ||     6
Armor: Scale mail        |    88 |   179 ||   267
       Skin              |       |    86 ||    86
Dodge: Dodged            |    88 |   159 ||   247
Block: Buckler           |    43 |    77 ||   120

Table legend: (Time is in decaauts)
 A = Elapsed time spent in this place.
 B = Non-inter-level travel time spent in this place.
 C = Inter-level travel time spent in this place.
 D = Time resting spent in this place.
 E = Time spent auto-exploring this place.
 F = Levels seen in this place.
 G = Mean time per level.
                   A        B        C        D        E       F      G
               +--------+--------+--------+--------+--------+-----+--------+
         Total |   4467 |   4273 |    194 |    612 |   2788 |   5 |  893.4 |
       Dungeon |   4467 |   4273 |    194 |    612 |   2788 |   5 |  893.4 |
               +--------+--------+--------+--------+--------+-----+--------+

Top non-repeatable levels by time:
     D:4: 1672 daAuts
     D:3: 1262 daAuts
     D:2: 905 daAuts
     D:1: 607 daAuts
     D:5: 19 daAuts
